 Dungeon Crawl Stone Soup version 0.30-a0-359-gd0147acb1a (webtiles) character file.

Game seed: 11556480776249904773

34 AeshMezareph the Ruffian (level 3, 35/35 HPs)
             Began as a Troll Gladiator on Nov 12, 2022.
             Quit the game on level 2 of the Dungeon.
             The game lasted 00:01:38 (563 turns).

AeshMezareph the Ruffian (Troll Gladiator)           Turns: 563, Time: 00:01:38

Health: 35/35      AC:  4    Str: 22    XL:     3   Next: 14%
Magic:  2/2        EV: 10    Int:  4    God:
Gold:   42         SH:  0    Dex: 13    Spells: 2/2 levels left

rFire   . . .      SeeInvis .      - Unarmed
rCold   . . .      Faith    .    (no shield)
rNeg    . . .      Spirit   .    a - +0 robe
rPois   .          Reflect  .    b - +0 hat
rElec   .          Harm     .    (no cloak)
rCorr   .          Rampage  .    (gloves unavailable)
Will    .....                    (boots unavailable)
Stlth   +.........               (no amulet)
HPRegen 1.05/turn                (no ring)
MPRegen 0.08/turn                (no ring)

@: no status effects
A: large, unfitting armour, claws 3, regeneration 1, shaggy fur 1, tough skin 1
a: no special abilities


You were on level 2 of the Dungeon.
You visited 1 branch of the dungeon, and saw 2 of its levels.

You collected 42 gold pieces.

Inventory:

Missiles
 c - 3 throwing nets (quivered)
 d - a large rock
Armour
 a - a +0 robe (worn)
 b - a +0 hat (worn)
Jewellery
 h - a ring of wizardry
Scrolls
 e - 2 scrolls of enchant weapon {unknown}
 g - a scroll of silence {unknown}
 j - a scroll of teleportation {unknown}
Potions
 f - a potion of might {unknown}
 i - a potion of haste {unknown}


   Skills:
 + Level 2.0 Fighting
 - Level 1.7 Throwing
 + Level 2.7 Dodging
 * Level 3.7 Unarmed Combat


You had 2 spell levels left.
You didn't know any spells.
Your spell library was empty.

Dungeon Overview and Level Annotations

Branches:
Dungeon (2/15)

Altars:


Innate Abilities, Weirdness & Mutations

You are too large for most types of armour.
You have claws for hands.
Your natural rate of healing is unusually fast.
You are covered in fur. (AC +1)
You have tough skin. (AC +1)


Message History

Done exploring.
Done exploring.
(D) Dungeon
Where to? (? - help)
What level of the Dungeon? (default 1, ? - help)
There is a stone staircase leading down here.
You climb downwards.
There is a stone staircase leading up here.
A worm comes into view.
You barely miss the worm. The worm barely misses you.
You scratch the worm.
The worm is moderately wounded.
You scratch the worm.
The worm is severely wounded.
The worm bites you.
You scratch the worm.
The worm is almost dead.
You claw the worm!
You kill the worm!
No target in view!
HP restored.
A bat comes into view.
You see here a worm corpse.
The bat hits you but does no damage.
You closely miss the bat. The bat misses you. The bat barely misses you.
You scratch the bat.
The bat is severely wounded.
The bat closely misses you.
You scratch the bat but do no damage.
The bat is severely wounded.
The bat hits you but does no damage. x2
You claw the bat!
You kill the bat!
No target in view!
Found a stone staircase leading down.
Found a helmet.
Saving game... please wait.
Welcome back, AeshMezareph the Troll Gladiator.
Press ? for a list of commands and other information.
Are you sure you want to abandon this character and quit the game? (Confirm with "yes".)

#.....#...##
#.###.....##
#.#.....#.##
#.#...###.## ###
#.#..## #.## ...
#.#..####.## #..
#.........#
#..#######..########
#..@...>...#####
#.#####.#......# .[
#.######.### #..
#..........# #..
########.#.# #.
#.....#.# .
#.#####.# #.......#
#########


There were no monsters in sight!

Vanquished Creatures
  A worm (D:2)
  A dart slug (D:1)
  2 bats
  A giant cockroach (D:1)
  4 goblins (D:1)
  3 hobgoblins (D:1)
  4 jackals (D:1)
  2 quokkas (D:1)
  4 kobolds (D:1)
  2 rats (D:1)
24 creatures vanquished.

Notes
Turn   | Place    | Note
-------+----------+-------------------------------------------
     0 | D:1      | AeshMezareph the Troll Gladiator began the quest for the
                  | Orb.
     0 | D:1      | Reached XP level 1. HP: 19/19 MP: 0/0
    44 | D:1      | Reached XP level 2. HP: 26/28 MP: 1/1
   385 | D:1      | Reached XP level 3. HP: 35/35 MP: 2/2
   563 | D:2      | Quit the game

Illustrated notes

Levels and vault maps discovered:
D:1:      dpeg_arrival_shelter, layout_basic
D:2:      layout_basic, basic_altar, serial_shops, shop

Skill      XL: |  1  2 |
---------------+-------+-----
Fighting       | 2 |  2.0
Throwing       | |  1.7
Dodging        | |  2.7
Unarmed Combat | |  3.7

Action                   || total
-------------------------++-------
Melee: Unarmed           ||    81
       Punch             ||     1
Armor: Robe              ||    30
Dodge: Dodged            ||    28

Table legend: (Time is in decaauts)
 A = Elapsed time spent in this place.
 B = Non-inter-level travel time spent in this place.
 C = Inter-level travel time spent in this place.
 D = Time resting spent in this place.
 E = Time spent auto-exploring this place.
 F = Levels seen in this place.
 G = Mean time per level.
                   A        B        C        D        E       F      G
               +--------+--------+--------+--------+--------+-----+--------+
         Total |    557 |    552 |      5 |      0 |    416 |   2 |  278.5 |
       Dungeon |    557 |    552 |      5 |      0 |    416 |   2 |  278.5 |
               +--------+--------+--------+--------+--------+-----+--------+

Top non-repeatable levels by time:
     D:1: 460 daAuts
     D:2: 96 daAuts
